 Dungeon Crawl Stone Soup version 0.22-a0-402-ga933591 (webtiles) character file.

20 Sergey the Chiller (level 2, 0/15 HPs)
             Began as a Tengu Ice Elementalist on May 7, 2018.
             Succumbed to a kobold's poison
             ... on level 4 of the Dungeon.
             The game lasted 00:03:17 (376 turns).

Sergey the Chiller (Tengu Ice Elementalist)          Turns: 376, Time: 00:03:17

Health: 0/15       AC:  0    Str:  8    XL:     2   Next: 79%
Magic:  6/6        EV: 15    Int: 15    God:
Gold:   34         SH:  0    Dex: 14    Spells: 4/5 levels left

rFire    . . .     SeeInvis .     - Unarmed
rCold    . . .     Gourm    .   (shield currently unavailable)
rNeg     . . .     Faith    .   (armour currently unavailable)
rPois    .         Spirit   .   (helmet currently unavailable)
rElec    .         Reflect  .   (cloak currently unavailable)
rCorr    .         Harm     .   (gloves currently unavailable)
MR       .....                  (boots unavailable)
Stlth    ++........             (no amulet)
HPRegen  0.05/turn              (ring currently unavailable)
MPRegen  0.10/turn              (ring currently unavailable)

@: lethally poisoned (0 -> -3), pig-form, very quick
A: small
a: no special abilities


You were on level 4 of the Dungeon.
You were not hungry.
You were a filthy swine.
You visited 1 branch of the dungeon, and saw 4 of its levels.

You collected 34 gold pieces.

Inventory:

Armour
 a - a +0 robe (melded)
Wands
 h - a wand of polymorph (16)
Scrolls
 b - a scroll of remove curse {unknown}
 e - a scroll of enchant weapon {unknown}
 f - a scroll of teleportation {unknown}
 g - a scroll of noise {unknown}
Comestibles
 c - 2 rations
 d - 8 chunks of flesh


   Skills:
 + Level 2.5 Dodging
 - Level 2.0 Stealth
 * Level 1.4 Unarmed Combat
 + Level 2.2 Spellcasting
   Level 1.3 Conjurations
 + Level 2.9 Ice Magic


You had 4 spell levels left.
You knew the following spells:

 Your Spells              Type           Power        Failure   Level  Hunger
a - Freeze                Ice            ##..         7%          1    #......


Dungeon Overview and Level Annotations

Branches:
Dungeon (4/15)
 Temple: D:4-7

Altars:

Annotations:
D:2 Jessica, Sigmund
D:4 Dargar's ghost, novice GrFi


Innate Abilities, Weirdness & Mutations

((You have a beak for a mouth.))
((You have claws for feet.))


Message History

You feel sick.
Evoke which item? (* to show all) (? for menu, Esc to quit)
Aiming: Polymorph
Press: ? - help, Shift-Dir - straight line, f - you That beam is likely to hit you.
Continue anyway?
You turn into a filthy swine.
Your +0 robe melds into your body.
Unknown command.
Unknown command.
Unknown command.
You aren't carrying any potions.
* * * LOW HITPOINT WARNING * * *
You feel sick.
There is a stone staircase leading down here.
You climb downwards.
Level annotation: Dargar's ghost, novice GrFi
There is a stone staircase leading up here.
* * * LOW HITPOINT WARNING * * *
You feel sick.
There is a lethal amount of poison in your body!
You die...

#### #.. #.# #<#
########.######
................
#######.########
##########.#
.......h...#
############


There were no monsters in sight!

Vanquished Creatures
  2 giant cockroaches
  2 goblins (D:1)
  2 hobgoblins
  3 jackals (D:2)
  A frilled lizard (D:1)
  4 kobolds
  4 rats (D:1)
18 creatures vanquished.

Notes
Turn   | Place    | Note
-------+----------+-------------------------------------------
     0 | D:1      | Sergey the Tengu Ice Elementalist began the quest for the Orb.
     0 | D:1      | Reached XP level 1. HP: 10/10 MP: 4/4
    92 | D:1      | Reached XP level 2. HP: 13/15 MP: 3/6
   101 | D:1      | Reached skill level 1 in Unarmed Combat
   237 | D:2      | Noticed Jessica
   281 | D:2      | Noticed Sigmund
   333 | D:3      | Found a faded altar of an unknown god.
   352 | D:4      | Noticed Dargar's ghost (novice GrFi)
   376 | D:4      | Succumbed to a kobold's poison

Vault maps used:
D:1:      lightli_arrival_quake, minmay_surrounded
D:2:      first_ration, minmay_gold_behind_fungi, uniq_sigmund, uniq_jessica
D:3:      nicolae_overflow_hidden_temple, marbit_many_paths, led_sif_book,
          chequers_ecumenical_altar_simple
D:4:      kennysheep_little_box

Skill      XL: |  1  2 |
---------------+-------+-----
Unarmed Combat | 1 |  1.4
Dodging        | |  2.5
Stealth        | |  2.0
Spellcasting   | |  2.2
Conjurations   | |  1.3
Ice Magic      | |  2.9

Action                   || total
-------------------------++-------
Melee: Unarmed           ||    21
       Peck              ||     4
       Kick              ||     5
 Cast: Freeze            ||    16
Evoke: Wand              ||     1
 Stab: Sleeping          ||     2
Armor: Robe              ||     4
Dodge: Dodged            ||    35

Table legend:
 A = Spawn XP
 B = Non-spawn XP
 C = Spawn XP percentage of total XP
 D = Spawn monster count
 E = Non-spawn monster count
 F = Spawn count percentage of total count
 G = Total turns spent on level
                    A         B        C        D         E        F      G
               +---------+---------+-------+---------+---------+-------+---------
         Total |       0 |      29 |   0.0 |       0 |      18 |   0.0 |   376
               +---------+---------+-------+---------+---------+-------+---------
           D:1 |       0 |      17 |   0.0 |       0 |      12 |   0.0 |   272
           D:2 |       0 |       8 |   0.0 |       0 |       4 |   0.0 |    50
           D:3 |       0 |       4 |   0.0 |       0 |       2 |   0.0 |    45
               +---------+---------+-------+---------+---------+-------+---------
